 Dungeon Crawl Stone Soup version 0.23-a0-484-g29ba69c (webtiles) character file.

4232 mopl the Grappler (level 10, -4/85 HPs)
             Began as a Troll Hunter on Nov 30, 2018.
             Was an Elder of Okawaru.
             Slain by an elephant (19 damage)
             ... on level 9 of the Dungeon.
             The game lasted 00:10:23 (5656 turns).

mopl the Grappler (Troll Hunter)                    Turns: 5656, Time: 00:10:24

Health: -4/85      AC:  8    Str: 24 (26) XL:     10   Next: 9%
Magic:  13/13      EV: 15    Int:  5 (7)  God:    Okawaru [****..]
Gold:   307        SH:  0    Dex: 15 (18) Spells: 9/9 levels left

rFire    . . .     SeeInvis .     - Unarmed
rCold    . . .     Gourm    +   (no shield)
rNeg     . . .     Faith    +   J - +2 robe
rPois    .         Spirit   .   (helmet restricted)
rElec    .         Reflect  .   o - +0 cloak
rCorr    .         Harm     .   (gloves unavailable)
MR       +....                  (boots unavailable)
Stlth    +++.......             G - amulet of faith {!P}
HPRegen  0.64/turn              n - ring of protection from magic
MPRegen  0.13/turn              x - +4 ring of strength

@: agile
A: large, unfitting armour, claws 3, fast metabolism 3, gourmand, regeneration
1, shaggy fur 1, tough skin 2
a: Heroism, Renounce Religion


You were on level 9 of the Dungeon.
You worshipped Okawaru.
Okawaru was greatly pleased with you.
You were full.

You visited 2 branches of the dungeon, and saw 10 of its levels.

You collected 307 gold pieces.

Inventory:

Missiles
 b - 5 needles of sleeping
 c - a large rock (quivered)
 d - 3 throwing nets
 g - 13 tomahawks
 l - 195 stones
 w - 3 poisoned tomahawks
 E - 3 curare-tipped needles
 L - 10 poisoned needles
Armour
 o - a +0 cloak (worn)
 J - a +2 robe (worn)
Magical Staves
 D - an uncursed staff of earth {unknown}
Jewellery
 n - a ring of protection from magic (left claw)
 x - a +4 ring of strength (right claw)
 G - an amulet of faith (around neck) {!P}
 I - an uncursed amulet of the acrobat {unknown}
Wands
 B - a wand of flame (14)
 C - a wand of iceblast (9)
 H - a wand of paralysis (13)
Scrolls
 e - a scroll of magic mapping {unknown}
 h - 3 scrolls of fog
 i - 4 scrolls of teleportation
 j - 9 scrolls of identify {unknown}
 k - 4 scrolls of remove curse
 s - 3 scrolls of amnesia {unknown}
 t - a scroll of acquirement {unknown}
 u - 3 scrolls of enchant weapon {unknown}
 y - a scroll of noise {unknown}
Potions
 a - 3 potions of agility
 m - a potion of heal wounds {unknown}
 p - a potion of lignification {!q}
 q - a potion of curing {unknown}
 r - a potion of degeneration
 v - a potion of flight {unknown}
 z - a potion of brilliance {unknown}
 A - a potion of mutation {unknown}
 F - 2 potions of berserk rage {unknown}
 M - a potion of ambrosia {unknown}
Comestibles
 f - 9 rations


   Skills:
 - Level 1.5 Fighting
 + Level 7.9 Throwing
 - Level 1.5 Dodging
 - Level 0.3 Stealth
 * Level 10.7 Unarmed Combat
 + Level 5.6 Invocations


You had 9 spell levels left.
You didn't know any spells.
Your spell library contained the following spells:

 Spells                   Type           Power        Failure   Level  Hunger
 Beastly Appendage        Tmut           #.....       47%         1    ##.....
 Sticks to Snakes         Tmut           #.......     63%         2    ###....
 Spider Form              Tmut/Pois      #.........   85%         3    ####...
 Ice Form                 Ice/Tmut       #.......     99%         4    #####..
 Blade Hands              Tmut           #.........   100%        5    ######.


Dungeon Overview and Level Annotations

Branches:
Dungeon (9/15)             Temple (1/1) D:4
   Lair: D:8-11         Orc: D:9-12

Altars:
Ashenzari
Dithmenos
Fedhas
Gozag
Hepliaklqana
Makhleb
Okawaru
Qazlal
Sif Muna
Uskayaw
Vehumet


Innate Abilities, Weirdness & Mutations

You are too large for most types of armour.
You have claws for hands.
Your metabolism is lightning-fast.
You like to eat raw meat.
Your natural rate of healing is unusually fast.
You are covered in fur. (AC +1)
You have very tough skin. (AC +2)


Message History

Unknown command.
You hit the hippogriff.
The hippogriff is almost dead.
You smack the hippogriff!
You kill the hippogriff!
Okawaru accepts your kill.
It was a potion of degeneration.
There was something very wrong with that liquid.
You feel weakened.
You feel dopey.
You feel clumsy.
You hit the sky beast.
The sky beast is lightly wounded.
The sky beast hits you but does no damage.
You barely miss the sky beast.
The sky beast is lightly wounded.
You feel less wooden.
Your +0 cloak unmelds from your body.
Your +2 robe unmelds from your body.
The sky beast completely misses you.
The sky beast hits you but does no damage.
The elephant tramples you!!
You die...

#############
............#
(.(..(†(....#
(..(.....YY.#
..((......@.#
...(........#
.###........#
#........#
########.# .#
.# .#


You could see an elephant and a sky beast.

Vanquished Creatures
  Harold (D:7)
  Pikel (D:7)
  A troll (D:9)
  A hippogriff (D:9)
  Menkaure (D:7)
  Edmund (D:5)
  A slave (D:7)
  A phantom (D:6)
  An ice beast (D:5)
  2 centaurs (D:5)
  2 crocodiles (D:9)
  2 bullfrogs
  A wyvern zombie (D:6)
  2 scorpions
  7 wights
  2 howler monkeys
  A crimson imp (D:7)
  5 hounds
  A bullfrog skeleton (D:7)
  6 orc priests
  Crazy Yiuf (D:3)
  8 worker ants
  Ijyb (D:5)
  An iguana (D:4)
  10 orc wizards
  A hound zombie (D:4)
  A worker ant zombie (D:4)
  8 gnolls
  12 adders
  4 shadow imps
  An ooze (D:7)
  An adder zombie (D:5)
  An adder skeleton (D:7)
  2 worms (D:3)
  2 dart slugs
  7 leopard geckos
  33 orcs
  6 bats
  3 giant cockroaches
  6 goblins
  9 hobgoblins
  16 jackals
  6 kobolds
  3 quokkas
  3 ball pythons
  3 frilled lizards
  A jackal skeleton (D:6)
  2 jackal zombies (D:4)
  2 leopard gecko skeletons
  A leopard gecko zombie (D:4)
  7 rats
202 creatures vanquished.

Notes
Turn   | Place    | Note
-------+----------+-------------------------------------------
     0 | D:1      | mopl the Troll Hunter began the quest for the Orb.
     0 | D:1      | Reached XP level 1. HP: 19/19 MP: 0/0
    89 | D:1      | Reached skill level 1 in Unarmed Combat
   107 | D:1      | Reached XP level 2. HP: 22/27 MP: 1/1
   336 | D:1      | Reached skill level 2 in Unarmed Combat
   349 | D:1      | You fall through a shaft!
   349 | D:2      | Noticed a howler monkey
   384 | D:2      | Killed a howler monkey
   384 | D:2      | Reached skill level 4 in Throwing
   384 | D:2      | Reached XP level 3. HP: 7/33 MP: 2/2
   385 | D:2      | Reached skill level 3 in Unarmed Combat
   385 | D:2      | Reached XP level 4. HP: 10/41 MP: 3/3
  1271 | D:3      | Reached skill level 4 in Unarmed Combat
  1271 | D:3      | Reached XP level 5. HP: 30/48 MP: 4/4
  1608 | D:3      | Found a runed door.
  1686 | D:3      | Found a shattered altar of Ashenzari.
  1828 | D:3      | Found a shadowy altar of Dithmenos.
  1938 | D:3      | Noticed Crazy Yiuf
  1943 | D:3      | Killed Crazy Yiuf
  2029 | D:3      | Reached XP level 6. HP: 53/55 MP: 5/5
  2046 | D:4      | Reached skill level 5 in Unarmed Combat
  2057 | D:4      | Reached skill level 5 in Throwing
  2175 | D:4      | Found a staircase to the Ecumenical Temple.
  2183 | Temple   | Entered the Ecumenical Temple
  2203 | Temple   | Became a worshipper of Warmaster Okawaru
  2256 | D:4      | Reached XP level 7. HP: 56/62 MP: 6/6
  2258 | D:4      | Reached skill level 6 in Unarmed Combat
  2342 | D:4      | Reached skill level 1 in Invocations
  2849 | D:5      | Entered Level 5 of the Dungeon
  2926 | D:5      | Noticed Ijyb
  2938 | D:5      | Killed Ijyb
  2969 | D:5      | Reached skill level 2 in Invocations
  3006 | D:5      | Reached * piety under Okawaru
  3088 | D:5      | Reached skill level 7 in Unarmed Combat
  3178 | D:5      | Found a burning altar of Makhleb.
  3263 | D:5      | Noticed Edmund
  3274 | D:5      | Killed Edmund
  3274 | D:5      | Reached XP level 8. HP: 64/70 MP: 5/8
  3321 | D:5      | Reached skill level 6 in Throwing
  3473 | D:6      | Reached skill level 3 in Invocations
  3479 | D:6      | Reached skill level 8 in Unarmed Combat
  3493 | D:6      | HP: 2/70 [orc/+0 war axe (11)]
  3766 | D:6      | Reached ** piety under Okawaru
  3936 | D:6      | Found a hazy altar of Hepliaklqana.
  3936 | D:6      | Found a stormy altar of Qazlal.
  3937 | D:6      | Found a hide-covered altar of Uskayaw.
  4165 | D:7      | Reached XP level 9. HP: 51/76 MP: 10/10
  4237 | D:7      | Reached skill level 4 in Invocations
  4257 | D:7      | Reached skill level 9 in Unarmed Combat
  4266 | D:7      | Noticed Pikel
  4293 | D:7      | Killed Pikel
  4293 | D:7      | Reached *** piety under Okawaru
  4293 | D:7      | Reached skill level 7 in Throwing
  4303 | D:7      | Noticed Menkaure
  4360 | D:7      | Killed Menkaure
  4630 | D:7      | Noticed Harold
  4652 | D:7      | Killed Harold
  4652 | D:7      | Reached **** piety under Okawaru
  4652 | D:7      | Received a gift from Okawaru
  4652 | D:7      | Reached skill level 10 in Unarmed Combat
  4652 | D:7      | Reached skill level 5 in Invocations
  5612 | D:9      | HP: 4/114 [poisoned by a killer bee]
  5617 | D:9      | HP: 3/114 [poisoned by a killer bee]
  5622 | D:9      | HP: 2/114 [poisoned by a killer bee]
  5628 | D:9      | HP: 3/114 [poisoned by a killer bee]
  5638 | D:9      | Noticed a troll
  5641 | D:9      | Killed a troll
  5641 | D:9      | Received a gift from Okawaru
  5641 | D:9      | Reached XP level 10. HP: 10/85 MP: 13/13
  5646 | D:9      | Noticed an elephant
  5656 | D:9      | Slain by an elephant

Vault maps used:
D:1:      tarquinn_simple_flora_water_e, kennysheep_another_room
D:3:      cheibrodos_helix_gallery, grunt_dithmenos_smoke_and_mirrors,
          nicolae_overflow_hidden_temple, minmay_statues_item,
          uniq_crazy_yiuf_cottage
D:4:      minmay_temple_entry_drinking_statues, first_ration, serial_undead,
          serial_undead_d, serial_undead_c, serial_undead_e, serial_undead_c
D:5:      bloody_makhleb, uniq_edmund, uniq_ijyb
D:6:      gammafunk_temple_overflow_forgotten
D:7:      kennysheep_windowed_goal, uniq_pikel, uniq_menkaure, uniq_harold
D:8:      hangedman_ranch, minmay_between
D:9:      cheibriados_altar_1, david_lair_generic, hiddenorc2_lemuel
Temple:   kb_temple_of_zot

Skill      XL: |  1  2  3  4  5  6  7  8  9 |
---------------+----------------------------+-----
Unarmed Combat | 1 2 3 4 5 7 8 10 | 10.7
Throwing       | 4 5 6 7 |  7.9
Invocations    | 2 3 5 |  5.6
Fighting       | |  1.5
Dodging        | |  1.5
Stealth        | |  0.3

Action                   |  1- 3 |  4- 6 |  7- 9 | 10-12 || total
-------------------------+-------+-------+-------+-------++-------
Melee: Unarmed           |    67 |   180 |   306 |     4 ||   557
       Punch             |       |     3 |    14 |       ||    17
Throw: Tomahawk          |       |     3 |     3 |       ||     6
       Large rock        |       |       |     2 |     6 ||     8
Invok: Heroism           |       |       |     3 |       ||     3
  Use: Scroll            |       |       |     3 |       ||     3
       Potion            |       |       |     2 |     1 ||     3
 Stab: Sleeping          |       |     3 |       |       ||     3
  Eat: Chunk             |     9 |    17 |    29 |       ||    55
Armor: Robe              |    21 |    62 |    94 |     1 ||   178
       Skin              |       |       |       |     4 ||     4
Dodge: Dodged            |    47 |    79 |   146 |     1 ||   273

Table legend:
 A = Non-vault XP
 B = Vault XP
 C = Vault XP percentage of total XP
 D = Non-vault monster count
 E = Vault monster count
 F = Vault count percentage of total count
                 A         B        C        D         E       F
            +---------+---------+-------+---------+---------+-------
      Total |    3478 |    2568 |  42.5 |     184 |      17 |   8.5
            +---------+---------+-------+---------+---------+-------
        D:1 |      32 |       0 |   0.0 |      17 |       0 |   0.0
        D:2 |     120 |       0 |   0.0 |      23 |       0 |   0.0
        D:3 |     166 |      51 |  23.5 |      25 |       3 |  10.7
        D:4 |     581 |      39 |   6.3 |      37 |       5 |  11.9
        D:5 |     600 |     189 |  24.0 |      20 |       2 |   9.1
        D:6 |     864 |       0 |   0.0 |      34 |       0 |   0.0
        D:7 |     786 |    1820 |  69.8 |      26 |       4 |  13.3
        D:8 |      33 |       0 |   0.0 |       1 |       0 |   0.0
        D:9 |     296 |     469 |  61.3 |       1 |       3 |  75.0
            +---------+---------+-------+---------+---------+-------
